 Dungeon Crawl Stone Soup version 0.30.0-5-g1a98f26d00 (webtiles) character file.

Game seed: 16217894365111378415

16 HeliumTrimp the Shield-Bearer (level 2, -1/24 HPs)
             Began as a Formicid Fighter on May 10, 2023.
             Slain by a gnoll
             ... wielding a +0 spear
              (5 damage)
             ... on level 2 of the Dungeon.
             The game lasted 00:00:54 (1071 turns).

HeliumTrimp the Shield-Bearer (Formicid Fighter)    Turns: 1071, Time: 00:00:55

Health: -1/24      AC:  6    Str: 20    XL:     2   Next: 70%
Magic:  2/2        EV:  9    Int:  7    God:
Gold:   48         SH:  5    Dex: 13    Spells: 1/1 levels left

rFire   . . .        a - +0 long sword
rCold   . . .        c - +0 buckler
rNeg    . . .        b - +0 scale mail
rPois   .            (helmet unavailable)
rElec   .            (no cloak)
rCorr   .            (no gloves)
SInv    +            (no boots)
Will    .....        (no amulet) Stlth
                     (no ring)
HPRegen 0.24/turn    (no ring)
MPRegen 0.08/turn

%: no passive effects
@: no status effects
A: permanent stasis, dig shafts and tunnels, antennae 3, four strong arms
a: Dig, Shaft Self


You were on level 2 of the Dungeon.
You visited 1 branch of the dungeon, and saw 2 of its levels.

You collected 48 gold pieces.

Inventory:

Hand Weapons
 a - a +0 long sword (weapon)
Armour
 b - a +0 scale mail (worn)
 c - a +0 buckler (worn)
Scrolls
 e - a scroll of fog {unknown}
 f - a scroll of blinking {unknown}
Potions
 d - a potion of might
 g - a potion of berserk rage {unknown}
 h - a potion of magic {unknown}


   Skills:
 + Level 3.5 Fighting
 * Level 2.8 Long Blades
 - Level 3.2 Armour
 - Level 4.0 Shields


You had one spell level left.
You didn't know any spells.
Your spell library was empty.

Dungeon Overview and Level Annotations

Branches:
Dungeon (2/15)

Altars:

Shops:
D:2 =


Innate Abilities, Weirdness & Mutations

You cannot be hasted, slowed, berserked, paralysed or teleported.
You can dig through walls and to a lower floor.
You have a pair of large antennae on your head. (SInv)
Your four strong arms can wield two-handed weapons with a shield.


Message History

Found 14 gold pieces.
There is an entrance to Dusuexoa's Jewellery Shop here.
Found a stone staircase leading down.
Found a stone staircase leading down.
You now have 48 gold pieces (gained 14).
There is a stone staircase leading down here.
A gnoll and a goblin come into view.
Found a stone and a short sword.
The gnoll shouts!
The goblin shouts!
The gnoll moves out of view.
A goblin is nearby!
A goblin is nearby!
You slash the goblin!
You kill the goblin!
A gnoll comes into view. It is wielding a +0 flail.
The gnoll shouts!
You hear a shout!
The gnoll misses you.
A gnoll comes into view. It is wielding a +0 club.
The gnoll completely misses you.
You closely miss the gnoll. You block the gnoll's attack.
You slash the gnoll!
The gnoll is heavily wounded.
The gnoll misses you.
You hit the gnoll.
The gnoll is almost dead.
You block the gnoll's attack.
You barely miss the gnoll. The gnoll barely misses you.
The gnoll hits you from afar with a +0 spear.
You hit the gnoll but do no damage. The gnoll barely misses you.
The gnoll hits you from afar with a +0 spear.
You hit the gnoll.
The gnoll is moderately wounded.
You block the gnoll's attack. The gnoll barely misses you.
You hit the gnoll.
The gnoll is moderately wounded.
The gnoll hits you from afar with a +0 spear!
The gnoll hits you with a +0 flail!
* * * LOW HITPOINT WARNING * * *
The gnoll hits you from afar with a +0 spear.
You die...

#. #.#....#
#.##.#.#..#
#.##.#.##.# #.#
#.##.#.##.# ###.#
#.##.#.##)#
....####.##.#.##.#
#............##.#
##............>..#
..........######@#
###.##..∩## #g#
...<.....# #g#
###.##.### #g#
#.##.# ... #.....
..# ####.## ..)
#.# #..# #..{


You could see 3 gnolls.

Vanquished Creatures
  A dart slug (D:1)
  3 endoplasms (D:1)
  A goblin (D:2)
  A hobgoblin (D:1)
  A ball python (D:1)
  3 bats (D:1)
  2 kobolds (D:1)
  2 rats
14 creatures vanquished.

Notes
Turn   | Place    | Note
-------+----------+-------------------------------------------
     0 | D:1      | HeliumTrimp the Formicid Fighter began the quest for the
                  | Orb.
     0 | D:1      | Reached XP level 1. HP: 18/18 MP: 1/1
   543 | D:1      | Reached XP level 2. HP: 12/24 MP: 2/2
  1040 | D:2      | Found Dusuexoa's Jewellery Shop.
  1071 | D:2      | Slain by a gnoll

Illustrated notes

Levels and vault maps discovered:
D:1:      dpeg_arrival_simpleton_a, layout_basic, serial_co_window_serial,
          co_window_corner_a, co_window_of_opportunity_a,
          co_window_of_opportunity_a, co_window_corner_a, co_window_paths_b,
          co_window_corner_b, co_window_unsneaky_path_e, co_window_2corner,
          co_window_of_opportunity_c, co_window_broadway_a,
          co_window_unsneaky_path_e, co_window_broadway_a, glass_columns_b,
          glass_columns_b, glass_columns_a, minmay_misc_feat_pillars
D:2:      layout_loops_ring, basic_altar, serial_shops, shop,
          kennysheep_generic_room_5, uniq_natasha

Action                     || total
---------------------------++-------
  Melee: Long sword        ||    74
Ability: Dig               ||     1
 Armour: Scale mail        ||    29
  Dodge: Dodged            ||    40
  Block: Buckler           ||    22
